AoeStats
← ACI brayanpenalamus

Arena

509753498Analyzed
4v4 RM · 5d ago on Sep 27, 2026· 41m 15s· 8 players
Game mode
Random Map
Map size
Large (8 player)
Population
200
Speed
Normal
Resources
Standard
Victory
Conquest
Starting age
Dark Age
Ending age
Imperial Age
RankedLock teamsTeams togetherTeam positionsShared explorationLock speedFull tech treeHidden civsTurbo modeCheats
Victory
Defeat
🇨🇴 Khitans · Colombia
1383
+9
🇲🇽 Britons · Mexico
1253
+14
🇻🇪 Saracens · Venezuela
1242
+15
🇲🇽 Varangians · Mexico
1231
+15
🇲🇽 Hindustanis · Mexico
1231
-14
🇬🇧 Italians · United Kingdom
1224
-14
🇲🇽 Malay · Mexico
1217
-13
🇺🇸 Varangians · United States
1189
-12
Seth41737spare
11:11 Feudal Age
12:27 Town Watch
15:15 Castle Age
16:12 Double-Bit Axe
18:44 Fletching
ManBearPig1511
0:47 Loom
10:53 Feudal Age
15:31 Castle Age
13:42 Double-Bit Axe
14:33 Horse Collar
16:43 Bow Saw
21:30 Forging
26:59 Imperial Age
25:55 Ballistics
26:02 Treadmill Crane
26:18 Fletching
26:51 Town Watch
27:04 Stone Mining
27:04 Gold Mining
30:03 Two-Man Saw
29:37 Conscription
30:26 Chemistry
30:00 Bodkin Arrow
35:07 Wheelbarrow
34:37 Heavy Plow
35:15 Stone Shaft Mining
34:47 Murder Holes
35:11 Bracer
35:11 Padded Archer Armor
38:03 Leather Archer Armor
39:36 Elite Genoese Crossbowman
fasdark333
11:22 Feudal Age
16:00 Castle Age
14:39 Double-Bit Axe
14:36 Horse Collar
17:46 Bow Saw
28:23 Heavy Plow
30:07 Scale Barding Armor
31:16 Chain Barding Armor
34:52 Imperial Age
32:48 Gold Mining
34:59 Bloodlines
35:01 Forging
34:52 Heavy Camel Rider
36:10 Plate Barding Armor
36:17 Iron Casting
36:59 Wheelbarrow
36:11 Loom
canijo2512
12:00 Feudal Age
11:44 Double-Bit Axe
11:40 Horse Collar
17:59 Gold Mining
18:21 Loom
20:36 Castle Age
18:53 Fletching
19:04 Padded Archer Armor
20:09 Crossbowman
20:44 Bodkin Arrow
21:00 Bow Saw
20:55 Heavy Plow
23:14 Leather Archer Armor
25:06 Ballistics
28:01 Wheelbarrow
30:00 Gold Shaft Mining
ACI Paradoja
10:33 Feudal Age
14:30 Castle Age
13:08 Double-Bit Axe
13:31 Horse Collar
14:38 Loom
27:21 Bow Saw
30:54 Forging
30:45 Scale Mail Armor
30:52 Scale Barding Armor
37:10 Imperial Age
35:19 Wheelbarrow
34:31 Town Watch
35:50 Gold Mining
39:03 Chain Barding Armor
39:18 Iron Casting
39:05 Hand Cart
38:47 Fletching
41:48 Two-Man Saw
41:11 Bloodlines
41:01 Husbandry
40:37 Light Cavalry
ACI Artanisx
10:24 Feudal Age
16:12 Castle Age
14:32 Double-Bit Axe
16:06 Gold Mining
18:18 Horse Collar
20:18 Ballistics
19:53 Fletching
19:54 Loom
22:12 Bodkin Arrow
23:01 Padded Archer Armor
28:18 Heavy Plow
33:52 Imperial Age
32:52 Yeomen
34:18 Leather Archer Armor
34:48 Wheelbarrow
33:58 Town Watch
35:53 Chemistry
34:57 Bracer
36:53 Warwolf
37:26 Ring Archer Armor
37:25 Conscription
38:16 Gold Shaft Mining
38:27 Bow Saw
38:51 Elite Longbowman
ACI Calvohp
9:48 Feudal Age
13:41 Castle Age
11:37 Double-Bit Axe
12:03 Domestication
14:41 Bow Saw
20:09 Wheelbarrow
20:19 Fervor
21:09 Hand Cart
21:23 Pastoralism
24:39 Stone Mining
27:00 Gold Mining
30:06 Imperial Age
27:54 Scale Barding Armor
28:28 Stone Shaft Mining
28:11 Treadmill Crane
29:51 Chain Barding Armor
30:01 Husbandry
30:32 Forging
31:42 Plate Barding Armor
30:53 Elite Steppe Lancer
32:45 Iron Casting
32:42 Ordo Cavalry
33:11 Scale Mail Armor
34:36 Conscription
35:14 Chain Mail Armor
35:37 Transhumance
36:10 Two-Man Saw
35:43 Lamellar Armor
35:17 Elite Liao Dao
36:29 Plate Mail Armor
36:45 Squires
36:31 Gambesons
37:16 Masonry
39:15 Fletching
39:45 Arson
41:11 Bodkin Arrow
42:19 Chemistry
41:26 Siege Engineers
41:51 Ballistics
ACI brayanpenalamus
10:52 Feudal Age
15:18 Castle Age
16:41 Stone Mining
18:47 Double-Bit Axe
18:45 Horse Collar
21:53 Bow Saw
30:45 Imperial Age
28:37 Gold Mining
29:57 Wheelbarrow
29:51 Forging
30:30 Loom
32:16 Conscription
33:08 Iron Casting
33:32 Elite Mameluke
40:11 Scale Barding Armor
41:07 Blast Furnace
Connection lost

Rejoining the realm…

Still unreachable

The connection could not be restored.

Session expired

The server has moved on; the page needs a fresh start.